 Dungeon Crawl Stone Soup version 0.32-a0-886-g41c5271027 (webtiles) character file.

Game seed: 12963492600868553490

29 Biggs the Shooter (level 3, 0/27 HPs)
             Began as a Coglin Hunter on Apr 2, 2024.
             Slain by an adder (1 damage)
             ... on level 2 of the Dungeon.
             The game lasted 00:00:54 (700 turns).

Biggs the Shooter (Coglin Hunter)                    Turns: 700, Time: 00:00:55

Health: 0/27       AC:  3    Str: 11    XL:     3   Next: 16%
Magic:  3/3        EV: 11    Int:  8    God:
Gold:   24         SH:  0    Dex: 19    Spells: 2/2 levels left

rFire   . . .        a - +2 sling {Hachiro}
rCold   . . .        d - +0 sling {Jacinta}
rNeg    . . .        c - +0 leather armour
rPois   .            (no helmet)
rElec   .            (no cloak)
rCorr   .            (no gloves)
SInv    .            (no boots)
Will    .....        (amulet unavailable)
Stlth   ++           (ring unavailable)
HPRegen 0.24/turn    (ring unavailable)
MPRegen 0.08/turn    (no gizmo)

%: no passive effects
@: lethally poisoned (0 -> -4), revved
A: off-hand wielding, slow wielding, warmup strikes, no jewellery
a: Invent Gizmo


You were on level 2 of the Dungeon.
You visited 1 branch of the dungeon, and saw 2 of its levels.

You collected 24 gold pieces.

Inventory:

Hand Weapons
 a - a +2 sling (weapon) {Hachiro}
 d - a +0 sling (offhand) {Jacinta}
Armour
 c - a +0 leather armour (worn)
Scrolls
 b - a scroll of butterflies
 e - a scroll of noise {unknown}
 f - 2 scrolls of identify {unknown}


   Skills:
 - Level 2.0 Fighting
 + Level 4.5 Ranged Weapons
 - Level 1.7 Dodging
 - Level 0.7 Stealth


You had 2 spell levels left.
You didn't know any spells.
Your spell library contained the following spells:

 Spells                   Type           Power      Damage    Failure   Level
 Dispersal                Tloc           0%         N/A       100%        6
 Gell's Gavotte           Tloc           0%         2d(11-16) 100%        6
 Manifold Assault         Tloc           0%         N/A       100%        7
 Disjunction              Tloc           0%         N/A       100%        8


Dungeon Overview and Level Annotations

Branches:
Dungeon (2/15)

Altars:


Innate Abilities, Weirdness & Mutations

You can wield a second weapon in your off-hand.
It takes a long time for you to wield or remove held weapons.
Your first few attacks do less damage.
You cannot equip rings or amulets.


Message History

Unknown command.
Found a stone staircase leading down.
You feel sick.
You are no longer poisoned.
The adder bites you but does no damage.
Unknown command.
Unknown command.
You are too injured to fight recklessly!
You shoot a sling bullet.
The sling bullet hits the adder but does no damage.
The adder is moderately wounded.
You shoot a sling bullet. The sling bullet hits the adder.
The adder is heavily wounded.
The adder bites you.
You are poisoned.
The adder poisons you! The adder closely misses you.
You shoot a sling bullet.
The sling bullet closely misses the adder.
You shoot a sling bullet. The sling bullet misses the adder.
You feel sick. The adder bites you.
* * * LOW HITPOINT WARNING * * *
You are more poisoned.
The adder poisons you!
You shoot a sling bullet. The sling bullet hits the adder.
The adder is severely wounded.
You shoot a sling bullet.
The sling bullet closely misses the adder.
* * * LOW HITPOINT WARNING * * *
You feel very sick.
The adder bites you but does no damage. x2
You aren't carrying any potions.
Unknown command.
You aren't carrying any potions.
You shoot a sling bullet.
The sling bullet hits the adder but does no damage.
The adder is severely wounded.
You shoot a sling bullet.
The sling bullet closely misses the adder.
* * * LOW HITPOINT WARNING * * *
You feel sick. The adder bites you.
You die...

#.. .. #.# .# #.# .###
####.###.... #.......#
#.##†##.# ##.......#
###### ...#####......#.#
#.....
.!.....@......#.###.[...
.......S......#.........
................###.....
>>.#####.....#.## #.....
.. ##...##.# ####.. .
######.# ##.# #. #<.. #.
#..# #. #..#


You could see an adder.

Vanquished Creatures
  A dart slug (D:1)
  A ribbon worm (D:2)
  3 ball pythons (D:1)
  3 bats (D:1)
  3 endoplasms (D:1)
  A giant cockroach (D:1)
  3 goblins (D:1)
  2 hobgoblins
  A quokka (D:1)
  2 kobolds (D:1)
  2 rats
22 creatures vanquished.

Notes
Turn   | Place    | Note
-------+----------+-------------------------------------------
     0 | D:1      | Biggs the Coglin Hunter began the quest for the Orb.
     0 | D:1      | Reached XP level 1. HP: 16/16 MP: 1/1
    52 | D:1      | Reached skill level 4 in Ranged Weapons
    52 | D:1      | Reached XP level 2. HP: 14/22 MP: 2/2
   289 | D:1      | Reached XP level 3. HP: 27/27 MP: 3/3
   700 | D:2      | HP: 1/27 [poisoned by an adder]
   700 | D:2      | Slain by an adder

Illustrated notes

Levels and vault maps discovered:
D:1:      roderic_chinese_lattice_arrival, layout_basic,
          minmay_stone_trees_medium, minmay_pentomino_z4
D:2:      layout_loops_cross, minmay_cupped

Skill      XL: |  1 |
---------------+----+-----
Ranged Weapons | 4 |  4.5
Fighting       | |  2.0
Dodging        | |  1.7
Stealth        | |  0.7

Action                     || total
---------------------------++-------
   Fire: Sling             ||   116
 Armour: Leather armour    ||    29
  Dodge: Dodged            ||    15

Table legend: (Time is in decaauts)
 A = Elapsed time spent in this place.
 B = Non-inter-level travel time spent in this place.
 C = Inter-level travel time spent in this place.
 D = Time resting spent in this place.
 E = Time spent auto-exploring this place.
 F = Levels seen in this place.
 G = Mean time per level.
                   A        B        C        D        E       F      G
               +--------+--------+--------+--------+--------+-----+--------+
         Total |    713 |    707 |      6 |      0 |    594 |   2 |  356.5 |
       Dungeon |    713 |    707 |      6 |      0 |    594 |   2 |  356.5 |
               +--------+--------+--------+--------+--------+-----+--------+

Top non-repeatable levels by time:
     D:1: 651 daAuts
     D:2: 61 daAuts
